 Dungeon Crawl Stone Soup version 0.30-a0-1163-gf69bf04e7a (webtiles) character file.

Game seed: 1067801399271133577

91 Wombatman the Slasher (level 4, 35/35 HPs)
             Began as a Human Cinder Acolyte on Feb 21, 2023.
             Was a High Priest of Ignis.
             Got out of the dungeon alive.
             The game lasted 00:07:42 (1998 turns).

Wombatman the Slasher (Human Cinder Acolyte)        Turns: 1998, Time: 00:07:42

Health: 35/35      AC:  8    Str: 14    XL:     4   Next: 87%
Magic:  5/5        EV: 11    Int: 15    God:    Ignis [*****.]
Gold:   247        SH:  0    Dex: 10    Spells: 3/5 levels left

rFire   + . .        a - -1 falchion (flame)
rCold   . . .        (no shield)
rNeg    . . .        b - +0 robe
rPois   .            (no helmet)
rElec   .            (no cloak)
rCorr   .            (no gloves)
SInv    .            d - +1 pair of boots
Will    .....        (no amulet)
Stlth   +            f - +4 ring of protection
HPRegen 0.25/turn    i - ring of flight
MPRegen 0.09/turn

%: no passive effects
@: flying
A: no striking features
a: Renounce Religion, Fiery Armour, Foxfire Swarm, Rising Flame


You escaped.
You worshipped Ignis.
Ignis was extremely pleased with you.
You visited 1 branch of the dungeon, and saw 4 of its levels.

You collected 247 gold pieces.

Inventory:

Hand Weapons
 a - a -1 falchion of flaming (weapon)
 c - a +0 sling
Missiles
 j - 18 stones
Armour
 b - a +0 robe (worn)
 d - a +1 pair of boots (worn)
Jewellery
 f - a +4 ring of protection (left hand)
 i - a ring of flight (right hand)
Scrolls
 h - 2 scrolls of magic mapping
Potions
 e - 2 potions of heal wounds
 k - a potion of haste
 l - a potion of curing
 m - a potion of attraction
 n - a potion of resistance


   Skills:
 + Level 3.4 Fighting
 + Level 3.6 Long Blades
 + Level 1.9 Ranged Weapons
 + Level 0.4 Throwing
 + Level 1.4 Dodging
 + Level 0.3 Stealth
 + Level 1.0 Spellcasting
 + Level 3.1 Fire Magic


You had 3 spell levels left.
You knew the following spells:

 Your Spells              Type           Power      Damage    Failure   Level
a - Scorch                Fire           20%        2d5       11%         2

Your spell library contained the following spells:

 Spells                   Type           Power      Damage    Failure   Level
 Ensorcelled Hibernation  Hex/Ice        0%         N/A       36%         2
 Ozocubu's Armour         Ice            0%         N/A       58%         3
 Spider Form              Tmut/Pois      0%         N/A       58%         3
 Anguish                  Hex/Necr       0%         N/A       94%         4
 Metabolic Englaciation   Hex/Ice        0%         N/A       100%        5
 Simulacrum               Ice/Necr       0%         N/A       100%        6


Dungeon Overview and Level Annotations

Branches:
Dungeon (4/15)
 Temple: D:4-7

Altars:


Message History

Press ? for a list of commands and other information.
Fire: c) +0 sling
Press: ? - help, Q - select action, (/) - cycle Shift-Dir - straight line, f - adder
Aim: an adder (29% to hit)
You shoot a sling bullet. The sling bullet hits the adder.
The adder is lightly wounded.
Your -1 falchion of flaming bursts into flame!
a - a -1 falchion of flaming (weapon)
The adder completely misses you.
You barely miss the adder.
The adder is lightly wounded.
The adder bites you but does no damage.
You hit the adder. You burn the adder.
The adder is almost dead.
The adder barely misses you. The adder bites you but does no damage.
You hit the adder. You burn the adder.
You kill the adder!
You miss the goblin. The goblin barely misses you.
You hit the goblin. You burn the goblin.
You kill the goblin!
Things that are here:
a +0 club; an adder corpse
There is a stone staircase leading up here.
You fly upwards.
There is a stone staircase leading down here.
(D) Dungeon
Where to? (? - help)
What level of the Dungeon? (default 1, ? - help)
Things that are here:
4 poisoned darts; a +0 club
There is a stone staircase leading up here.
You fly upwards.
There is a stone staircase leading down here.
There is a stone staircase leading up here.
You fly upwards.
There is a stone staircase leading down here.
There is an open door here.
There is a staircase leading out of the dungeon here.
Are you sure you want to leave the Dungeon?
This will make you lose the game!
You have escaped!

#############
#...#.......#
#.#.#.#####.#
#.#.#...#.#.#
#...###.#.#.# ##
#.#.#...#.#.# #.
#.#.#.###.#.# #.
###.#...#.#.# #.
#@..#.#.#.########
###.#.#.#.#.....##
#.#.#.#.#.#.###..#
#...#.#.#...# ##.#
#.#.###.###.# #..
#.#.#.....#.# #.#
#.#...#####.# ##.#
#...#.......###..#
#############...##


There were no monsters in sight!

Vanquished Creatures
  A hound (D:3)
  3 adders
  A worm (D:3)
  2 ball pythons
  2 endoplasms
  3 giant cockroaches
  A hobgoblin (D:1)
  2 jackals (D:3)
  2 bats (D:1)
  5 frilled lizards
  3 goblins
  7 kobolds
  3 rats
35 creatures vanquished.

Vanquished Creatures (others)
  5 foxfires (D:1)
5 creatures vanquished.

Grand Total: 40 creatures vanquished

Notes
Turn   | Place    | Note
-------+----------+-------------------------------------------
     0 | D:1      | Wombatman the Human Cinder Acolyte began the quest for the
                  | Orb.
     0 | D:1      | Reached XP level 1. HP: 18/18 MP: 2/2
   294 | D:1      | Reached XP level 2. HP: 3/24 MP: 3/3
   955 | D:2      | Reached skill level 1 in Ranged Weapons
   955 | D:2      | Reached XP level 3. HP: 27/29 MP: 4/4
   979 | D:2      | Learned a level 2 spell: Scorch
  1007 | D:2      | You fall into a shaft and drop 1 floor!
  1272 | D:3      | Reached skill level 1 in Dodging
  1272 | D:3      | Reached XP level 4. HP: 15/35 MP: 5/5
  1538 | D:3      | Found a faded altar of an unknown god.
  1842 | D:4      | Upgraded the game from 0.30-a0-799-g109b55a442 to
                  | 0.30-a0-1163-gf69bf04e7a
  1998 | D:$      | Got out of the dungeon alive.

Illustrated notes

Levels and vault maps discovered:
D:1:      onia_arrival_mini_maze, layout_basic, minmay_split_cup_small
D:2:      layout_basic
D:3:      layout_loops_cross, hellmonk_ecumenical_altar_pennies_from_heaven,
          hangedman_decor_opposing
D:4:      layout_basic, mainiacjoe_overflow_alcove_4, minmay_temple_entry_tees,
          serial_shops, nicolae_square_shop, shop, nicolae_shop_crystal,
          uniq_menkaure

Skill      XL: |  1  2  3 |
---------------+----------+-----
Ranged Weapons | 1 |  1.9
Dodging        | 1 |  1.4
Fighting       | |  3.4
Long Blades    | |  3.6
Throwing       | |  0.4
Stealth        | |  0.3
Spellcasting   | |  1.0
Fire Magic     | |  3.1

Action                     |  1- 3 |  4- 6 || total
---------------------------+-------+-------++-------
  Melee: Falchion          |   115 |    46 ||   161
         Punch             |     2 |       ||     2
   Fire: Sling             |    16 |     3 ||    19
  Throw: Stone             |     5 |       ||     5
 Invoke: Foxfire Swarm     |     1 |       ||     1
    Use: Scroll            |     5 |     3 ||     8
         Potion            |     1 |       ||     1
 Armour: Robe              |    45 |    14 ||    59
  Dodge: Dodged            |    93 |    27 ||   120

Table legend: (Time is in decaauts)
 A = Elapsed time spent in this place.
 B = Non-inter-level travel time spent in this place.
 C = Inter-level travel time spent in this place.
 D = Time resting spent in this place.
 E = Time spent auto-exploring this place.
 F = Levels seen in this place.
 G = Mean time per level.
                   A        B        C        D        E       F      G
               +--------+--------+--------+--------+--------+-----+--------+
         Total |   2022 |   1828 |    194 |    219 |   1022 |   4 |  505.5 |
       Dungeon |   2022 |   1828 |    194 |    219 |   1022 |   4 |  505.5 |
               +--------+--------+--------+--------+--------+-----+--------+

Top non-repeatable levels by time:
     D:1: 1028 daAuts
     D:3: 896 daAuts
     D:2: 83 daAuts
     D:4: 14 daAuts
